 Dungeon Crawl Stone Soup version 0.22-a0-307-g2b15929 (webtiles) character file.

3022 grizmgrazm2 the Thaumaturge (level 9, -8/69 HPs)
             Began as a Mummy Necromancer on Apr 1, 2018.
             Was an Initiate of Kikubaaqudgha.
             Mangled by a tentacled starspawn (15 damage)
             ... on level 2 of the Abyss.
             The game lasted 00:35:53 (9290 turns).

grizmgrazm2 the Thaumaturge (Mummy Necromancer)     Turns: 9290, Time: 00:35:54

Health: -8/69      AC:  5    Str:  9 (11) XL:     9   Next: 55%
Magic:  21/21      EV: 12    Int: 16 (17) God:    Kikubaaqudgha [......]
Gold:   60         SH:  7    Dex: 13      Spells: 17/25 levels left

rFire    . . .     SeeInvis .   h - +5 hunting sling
rCold    + . .     Gourm    .   f - +2 buckler
rNeg     + + +     Faith    +   r - +2 robe {rF+}
rPois    ∞         Spirit   .   (no helmet)
rElec    .         Reflect  .   (no cloak)
rCorr    .         Harm     .   l - +0 pair of gloves {archery}
MR       ++...                  (no boots)
Stlth    +.........             y - amulet of faith
HPRegen  0.21/turn              e - ring of wizardry
MPRegen  0.17/turn              o - ring of protection from magic

@: about to teleport, very slow
A: no food or potions, fire vulnerability, cold resistance 1, negative energy
resistance 3, torment resistance, unbreathing
a: Renounce Religion


You were on level 2 of the Abyss.
You worshipped Kikubaaqudgha.
Kikubaaqudgha was noncommittal.
You were not hungry.

You visited 2 branches of the dungeon, and saw 10 of its levels.
You visited the Abyss 1 time.
You also visited: Sewer.

You collected 540 gold pieces.
You spent 480 gold pieces at shops.

Inventory:

Hand Weapons
 g - a +0 dagger
 h - a +5 hunting sling (weapon)
Missiles
 b - 2 throwing nets
 i - 166 stones
 j - 30 sling bullets (quivered)
Armour
 f - a +2 buckler (worn)
 l - a +0 pair of gloves of archery (worn)
 r - a +2 robe of fire resistance (worn)
Magical Staves
 n - an uncursed staff of fire
Jewellery
 e - a ring of wizardry (left hand)
 o - a ring of protection from magic (right hand)
 q - a +2 amulet of reflection
 x - an uncursed ring of ice
 y - an amulet of faith (around neck)
Wands
 d - a wand of clouds (3)
 s - a wand of scattershot (4)
 t - a wand of digging (17)
 u - a wand of random effects (30)
Scrolls
 a - a scroll of identify
 c - 3 scrolls of remove curse
 k - 2 scrolls of fog
 m - 3 scrolls of amnesia


   Skills:
 + Level 6.2 Fighting
 + Level 3.6 Slings
 - Level 1.5 Dodging
 - Level 1.5 Stealth
 + Level 3.6 Shields
 * Level 8.5 Spellcasting
 * Level 8.2 Necromancy


You had 17 spell levels left.
You knew the following spells:

 Your Spells              Type           Power        Failure   Level  Hunger
a - Pain                  Necr           ####         1%          1    N/A
b - Vampiric Draining     Necr           ####......   1%          3    N/A
c - Animate Dead          Necr           N/A          1%          4    N/A

Dungeon Overview and Level Annotations

Branches:
Dungeon (9/15)             Temple (1/1) D:7
   Lair: D:8-11         Orc: D:9-12

Altars:
Ashenzari
Cheibriados
Dithmenos
Elyvilon
Fedhas
Gozag
Hepliaklqana
Kikubaaqudgha
Makhleb
Nemelex Xobeh
Okawaru
Qazlal
Ru
Sif Muna
Trog
Uskayaw
Vehumet
Wu Jian
Xom
Yredelemnul
Zin
The Shining One

Shops:
D:5 (   D:6 :*%=   D:8 :

Annotations:
D:9 Erolcha


Innate Abilities, Weirdness & Mutations

You do not eat or drink.
Your flesh is vulnerable to fire.
You are immune to poison.
Your flesh is cold resistant. (rC+)
You are immune to negative energy. (rN+++)
You are immune to unholy pain and torment.
You can survive without breathing.


Message History

You escape the starspawn tentacle's grasp.
The starspawn tentacle barely misses you.
The starspawn tentacle grabs you. The starspawn tentacle constricts you.
You escape the starspawn tentacle's grasp.
The starspawn tentacle grabs you. The starspawn tentacle constricts you.
The starspawn tentacle loses its grip on you.
The tentacle pulls you backwards!
Splash!
The starspawn tentacle grabs you.
The starspawn tentacle constricts you. 3 starspawn tentacle segments come into view.
You escape the starspawn tentacle's grasp.
The starspawn tentacle completely misses you.
The tentacled starspawn bites you!
* * * LOW HITPOINT WARNING * * *
The tentacled starspawn misses you.
A starspawn tentacle segment comes into view.
Why would you want to do that? The starspawn tentacle misses you.
The tentacled starspawn bites you!
You die...
Kikubaaqudgha rasps: "You have failed me!
Welcome... oblivion!"

.. ..#.###§##≈≈≈≈≈≈≈♣
### # #...#≈#≈≈≈≈≈≈≈≈
#..#. .##.≈#≈≈≈≈≈
≈≈≈≈ #
.#.###.#♣≈≈≈≈≈≈≈≈≈≈≈
#..
#####≈≈≈§≈≈≈≈≈≈≈♣≈
######≈≈≈§§§§≈♣≈≈≈≈≈≈
##..#≈≈w≈≈≈§§§§≈♣♣≈ ≈
#..≈≈≈≈X≈≈≈≈≈≈≈≈≈≈ ≈≈
#.≈≈≈≈@≈\≈≈≈≈≈≈≈≈≈≈≈
.≈≈≈≈≈≈≈w♣>≈≈♣≈≈≈≈≈≈≈
≈≈≈≈≈≈≈≈≈V≈≈≈≈≈≈≈≈≈♣≈
≈≈≈≈≈≈≈≈≈≈≈≈≈≈≈≈≈≈≈ ♣
≈≈≈≈♣≈≈≈≈≈≈≈≈≈≈≈≈♣≈≈≈
≈≈≈≈≈♣≈≈≈≈≈≈≈≈≈≈≈≈≈≈
≈≈≈≈≈≈≈≈♣≈≈♣≈≈≈≈≈≈
≈≈≈≈≈≈≈≈♣≈≈♣≈≈≈≈≈
≈≈≈≈≈≈≈ ≈≈≈ ≈≈≈


You could see a tentacled starspawn and 2 starspawn tentacles.

Vanquished Creatures
  The ghost of Anon1729 the Firebug, an amateur DsFE of Ashenzari (D:5)
  A hippogriff (D:7)
  4 phantoms
  2 sky beasts
  4 orc warriors (D:8)
  4 ogres
  A centaur (D:8)
  2 scorpions
  3 wights (D:6)
  2 howler monkeys (D:8)
  4 crimson imps
  2 centaur zombies
  A bullfrog zombie (D:6)
  3 hounds
  2 jellies (D:6)
  2 orc priests
  A bullfrog skeleton (D:4)
  3 orc wizards
  4 worker ants
  An iguana (D:6)
  A merfolk siren (Sewer)
  A worker ant zombie (D:5)
  A howler monkey skeleton (D:8)
  8 adders
  A river rat (Sewer)
  3 shadow imps
  2 oozes (D:2)
  2 worms
  A dart slug (D:1)
  4 leopard geckos
  23 orcs
  6 bats
  7 giant cockroaches
  8 goblins
  9 hobgoblins
  10 jackals
  6 kobolds
  3 ball pythons
  8 frilled lizards
  A jackal zombie (D:7)
  A leopard gecko zombie (D:6)
  A quokka zombie (D:6)
  37 rats
191 creatures vanquished.

Vanquished Creatures (collateral kills)
  A howler monkey (D:8)
  A merfolk avatar (Sewer)
  A howler monkey skeleton (D:4)
  A leopard gecko (D:4)
  An orc (D:4)
  A giant cockroach (Sewer)
  A ball python (Sewer)
  A ball python skeleton (D:4)
  4 rats (Sewer)
12 creatures vanquished.

Grand Total: 203 creatures vanquished

Notes
Turn   | Place    | Note
-------+----------+-------------------------------------------
     0 | D:1      | grizmgrazm2 the Mummy Necromancer began the quest for the Orb.
     0 | D:1      | Reached XP level 1. HP: 13/13 MP: 4/4
   140 | D:1      | Reached skill level 1 in Fighting
   192 | D:1      | Reached XP level 2. HP: 21/21 MP: 0/5
  1158 | D:2      | Found a shimmering altar of Xom.
  1356 | D:2      | Found a burning altar of Makhleb.
  1356 | D:2      | Found a sacrificial altar of Ru.
  1367 | D:2      | Reached XP level 3. HP: 27/27 MP: 2/7
  1929 | D:1      | Learned a level 3 spell: Vampiric Draining
  2583 | D:3      | Reached XP level 4. HP: 34/34 MP: 5/8
  3246 | D:3      | Reached XP level 5. HP: 5/41 MP: 1/10
  3522 | D:3      | Learned a level 4 spell: Animate Dead
  3656 | D:4      | Reached skill level 5 in Necromancy
  3746 | D:4      | Noticed an ogre
  3751 | D:4      | Killed an ogre
  3751 | D:4      | Reached skill level 1 in Slings
  3751 | D:4      | Reached XP level 6. HP: 48/48 MP: 8/12
  4031 | D:4      | Reached skill level 1 in Shields
  4288 | D:5      | Entered Level 5 of the Dungeon
  4288 | D:5      | Noticed a sky beast
  4298 | D:5      | Killed a sky beast
  4298 | D:5      | Reached XP level 7. HP: 47/55 MP: 4/14
  4449 | D:5      | Found a glowing drain.
  4461 | D:5      | Reached skill level 5 in Spellcasting
  4482 | Sewer    | Entered a sewer
  5476 | D:5      | Found Funesuog's Weapon Shoppe.
  5519 | D:5      | Noticed Anon1729's ghost (amateur DsFE)
  5526 | D:5      | Killed Anon1729's ghost
  5526 | D:5      | Reached XP level 8. HP: 61/61 MP: 15/17
  5550 | D:4      | Reached skill level 5 in Fighting
  6330 | D:6      | Found Arakeh's General Store.
  6332 | D:6      | Found Vediwk's Book Emporium.
  6334 | D:6      | Found Wirewiq's Food Emporium.
  6335 | D:6      | Found Ciniet's Jewellery Emporium.
  6880 | D:7      | Reached XP level 9. HP: 66/68 MP: 13/20
  6918 | D:7      | Found a staircase to the Ecumenical Temple.
  6925 | Temple   | Entered the Ecumenical Temple
  7017 | Temple   | Became a worshipper of Kikubaaqudgha
  7457 | D:7      | Found an opulent altar of Gozag.
  7558 | D:8      | Found a shadowy altar of Dithmenos.
  7975 | D:8      | Found Inorad's Book Emporium.
  8893 | D:6      | Bought an uncursed amulet of faith for 480 gold pieces
  9111 | D:9      | Noticed Erolcha
  9116 | D:9      | Cast into level 2 of the Abyss (Erolcha)
  9194 | Abyss:2  | Noticed a starcursed mass
  9241 | Abyss:2  | Noticed a wretched star
  9244 | Abyss:2  | Noticed a wretched star
  9277 | Abyss:2  | Noticed a tentacled starspawn
  9290 | Abyss:2  | Mangled by a tentacled starspawn

Vault maps used:
D:1:      erik_arrival_orb_chamber, minmay_stone_trees_small, st_stairs_8,
          serial_bayou_ford_a
D:2:      xom_teletrap_fun, chequers_temple_overflow_statue_of_worship,
          first_ration, hangedman_decor_clover_reticule, minmay_pentomino_x2
D:5:      cheibrodos_sewer_entry_sluice, serial_shops, nicolae_shop_waterfront,
          kennysheep_generic_room_13
D:6:      eino_small_chamber_without_monster, grunt_ministairs_1,
          hangedman_decor_opposing, minmay_shop_grid_forest
D:7:      minmay_temple_entry_grid, nicolae_gozag_seed_capital
D:8:      nicolae_dithmenos_the_darkroom, serial_shops, nicolae_shop_crystal
D:9:      david_nohive_1, uniq_erolcha
Temple:   eino_narrow_crystal_temple
Sewer:    sewer_sea

Skill      XL: |  1  2  3  4  5  6  7  8  9 |
---------------+----------------------------+-----
Fighting       | 1 2 3 4 5 6 |  6.2
Spellcasting   | 3 4 6 7 8 |  8.5
Necromancy     | 5 6 7 8 |  8.2
Slings         | 1 2 3 |  3.6
Shields        | 1 2 3 |  3.6
Dodging        | |  1.5
Stealth        | |  1.5

Action                   |  1- 3 |  4- 6 |  7- 9 || total
-------------------------+-------+-------+-------++-------
Melee: Unarmed           |     7 |       |       ||     7
       Dagger            |     8 |     2 |       ||    10
       Hunting sling     |       |       |     2 ||     2
 Fire: Hunting sling     |       |    72 |   264 ||   336
 Cast: Pain              |   100 |    52 |    47 ||   199
       Animate Dead      |       |     3 |    26 ||    29
       Vampiric Draining |       |     1 |    22 ||    23
Evoke: Wand              |       |       |     1 ||     1
  Use: Scroll            |     3 |    10 |    12 ||    25
 Stab: Sleeping          |     2 |       |       ||     2
Armor: Robe              |     7 |     7 |    31 ||    45
Dodge: Dodged            |    17 |    32 |    75 ||   124
Block: Buckler           |       |     3 |    40 ||    43
       Reflection        |       |       |     2 ||     2

Table legend:
 A = Spawn XP
 B = Non-spawn XP
 C = Spawn XP percentage of total XP
 D = Spawn monster count
 E = Non-spawn monster count
 F = Spawn count percentage of total count
 G = Total turns spent on level
                    A         B        C        D         E        F      G
               +---------+---------+-------+---------+---------+-------+---------
         Total |       0 |    4318 |   0.0 |       0 |     203 |   0.0 |  9290
               +---------+---------+-------+---------+---------+-------+---------
           D:1 |       0 |      38 |   0.0 |       0 |      23 |   0.0 |  1456
           D:2 |       0 |      48 |   0.0 |       0 |      23 |   0.0 |   994
           D:3 |       0 |     168 |   0.0 |       0 |      23 |   0.0 |  1192
           D:4 |       0 |     624 |   0.0 |       0 |      22 |   0.0 |   858
           D:5 |       0 |     764 |   0.0 |       0 |      16 |   0.0 |   843
           D:6 |       0 |     978 |   0.0 |       0 |      22 |   0.0 |   676
           D:7 |       0 |     348 |   0.0 |       0 |      10 |   0.0 |   847
           D:8 |       0 |     936 |   0.0 |       0 |      23 |   0.0 |  1124
           D:9 |       0 |     267 |   0.0 |       0 |       3 |   0.0 |   106
         Sewer |       0 |     147 |   0.0 |       0 |      38 |   0.0 |   832
               +---------+---------+-------+---------+---------+-------+---------
